 Dungeon Crawl Stone Soup version 0.30.1-11-g7821555f0a (webtiles) character file.

Game seed: 4258102158176798416

277 FakeRyeBread the Magician (level 6, 0/47 HPs)
             Began as a Djinni Conjurer on Nov 18, 2023.
             Slain by Duvessa
             ... wielding a +2 short sword of venom
              (6 damage)
             ... on level 4 of the Dungeon.
             The game lasted 00:17:37 (3011 turns).

FakeRyeBread the Magician (Djinni Conjurer)         Turns: 3011, Time: 00:17:37

Health: 0/47       AC:  5    Str:  6    XL:     6   Next: 50%
Gold:   147        EV: 11    Int: 22    God:
                   SH:  0    Dex: 17

rFire   + + .        j - +0 short sword
rCold   x . .        (no shield)
rNeg    . . .        m - +2 leather armour
rPois   ∞            (no helmet)
rElec   .            (no cloak)
rCorr   .            (no gloves)
SInv    +            (boots unavailable)
Will    .....        (no amulet)
Stlth   +            c - +6 ring of dexterity
HPRegen 0.27/turn    r - ring of see invisible
MPRegen 0.00/turn

%: infuse magic (-1 HP)
@: lit by a corona, flying, glowing
A: sickness immunity, fire resistance 2, cold vulnerability 1, float, innate
caster, HP casting, extra vitality 1
a: no special abilities


You were on level 4 of the Dungeon.
You visited 1 branch of the dungeon, and saw 4 of its levels.

You collected 147 gold pieces.

Inventory:

Hand Weapons
 j - a +0 short sword (weapon)
Missiles
 d - 10 poisoned darts
 i - 5 javelins
Armour
 m - a +2 leather armour (worn)
 u - a +0 ring mail
Jewellery
 c - a +6 ring of dexterity (left hand)
 r - a ring of see invisible (right hand)
Potions
 b - 3 potions of haste {unknown}
 e - a potion of flight {unknown}
 f - a potion of degeneration {unknown}
 h - a potion of lignification {unknown}
 l - 2 potions of might {unknown}
 o - 3 potions of mutation {unknown}
 q - 2 potions of cancellation {unknown}
 t - 2 potions of attraction


   Skills:
 + Level 4.1 Fighting
 - Level 2.1 Dodging
 - Level 1.5 Stealth
 + Level 4.6 Spellcasting


You knew the following spells:

 Your Spells              Type           Power      Damage    Failure   Level
a - Magic Dart            Conj           100%       1d8       2%          1
b - Searing Ray           Conj           50%        2d6       3%          2
c - Dazzling Flash        Conj/Hex       50%        N/A       8%          3
d - Fulminant Prism       Conj/Hex       12%        3d8       24%         4
e - Iskenderun's Mystic   Conj/Tloc      25%        2d7       24%         4
f - Shock                 Conj/Air       100%       1d9       2%          1
g - Passwall              Tmut/Erth      20%        N/A       3%          2
Your spell library was empty.

Dungeon Overview and Level Annotations

Branches:
Dungeon (4/15)
 Temple: D:4-7

Altars:

Annotations:
D:3 3 runed translucent doors, turdburglar's ghost, amateur DsNe
D:4 Dowan; Duvessa


Innate Abilities, Weirdness & Mutations

You are immune to sickness and miasma.
You are immune to poison.
Your flesh is very heat resistant. (rF++)
You are vulnerable to cold. (rC-)
You float through the air rather than walking.
You learn spells naturally, not from books.
Your magical power is your life essence.
You have superior vitality. (+4 MHP)


Message History

The searing ray hits Duvessa but does no damage.
Duvessa is lightly wounded.
You finish channelling your searing ray.
Duvessa hits you with a +2 short sword of venom.
Duvessa closely misses you.
Dowan gestures wildly while chanting.
Dowan blinks!
Duvessa closely misses you. Duvessa barely misses you.
Duvessa closely misses you.
Casting: Searing Ray (safe; 3% risk of failure)
Confirm with . or Enter, or press ? or * to list all spells.
Casting: Dazzling Flash (dangerous; 8% risk of failure)
Press: ? - help, Dir - look around, f - activate Dowan is dazzled.
Duvessa closely misses you. Dowan gestures at you while chanting.
You are outlined in light.
Duvessa hits you with a +2 short sword of venom.
Duvessa attacks as you move away!
Duvessa hits you with a +2 short sword of venom. x2
Aiming: Searing Ray (safe; 3% risk of failure)
Press: ? - help, Q - select action, (/) - cycle Shift-Dir - straight line, f - Dowan
Aim: Dowan, wielding a +0 dagger and wearing a +0 robe (moderately wounded, blind, 71% to hit)
The searing ray hits Duvessa.
Duvessa is moderately wounded.
The searing ray misses Dowan. (Press . to maintain the ray.) Dowan is no longer blind.
The searing ray hits Dowan.
Dowan is heavily wounded.
* * * LOW HITPOINT WARNING * * *
Duvessa hits you with a +2 short sword of venom.
* * * LOW HITPOINT WARNING * * *
Duvessa hits you with a +2 short sword of venom.
* * * LOW HITPOINT WARNING * * *
Dowan gestures at you while chanting.
The puff of flame hits you but does no damage.
You resist.
You aren't carrying any scrolls.
Duvessa hits you with a +2 short sword of venom.
You die...

### ##.#......#.#....##
..####....###.......###
.....#....####........#
...........#........###
...................##
####.............###
#..............#
#.............##
#.######.....@# #.#
.#.#....e.## #..
.........e.## ...
..........#.#... #..
.................
..............###
..............#
.#.............#
#.$..........##


You could see Duvessa (fast) and Dowan.

Vanquished Creatures
  A bullfrog (D:3)
  A jelly (D:4)
  Natasha (thrice) (D:2)
  4 adders
  3 worms (D:2)
  3 dart slugs
  5 bats
  6 endoplasms
  4 giant cockroaches
  4 goblins
  3 hobgoblins (D:1)
  5 jackals (D:1)
  4 quokkas
  7 ball pythons
  2 frilled lizards
  3 kobolds
  5 rats
63 creatures vanquished.

Notes
Turn   | Place    | Note
-------+----------+-------------------------------------------
     0 | D:1      | FakeRyeBread the Djinni Conjurer began the quest for the
                  | Orb.
     0 | D:1      | FakeRyeBread set off with the following spells memorised:
                  | Magic Dart, Searing Ray, Dazzling Flash, Fulminant Prism,
                  | Iskenderun's Mystic Blast.
     0 | D:1      | Reached XP level 1. HP: 15/15 MP: 0/0
   295 | D:1      | Reached XP level 2. HP: 21/22 MP: 0/0
   313 | D:1      | Reached skill level 1 in Fighting
   541 | D:1      | Reached XP level 3. HP: 18/27 MP: 0/0
   541 | D:1      | Learned a level 1 spell: Shock
  1434 | D:2      | Reached XP level 4. HP: 23/33 MP: 0/0
  1603 | D:2      | Noticed Natasha
  1606 | D:2      | Killed Natasha
  1667 | D:2      | Noticed Natasha
  1684 | D:2      | Killed Natasha
  1685 | D:2      | Reached XP level 5. HP: 36/40 MP: 0/0
  1685 | D:2      | Learned a level 2 spell: Passwall
  1940 | D:2      | Noticed Natasha
  1948 | D:2      | Killed Natasha
  2244 | D:3      | Found a runed translucent gate.
  2245 | D:3      | Found a runed translucent gate.
  2245 | D:3      | Found a runed translucent gate.
  2245 | D:3      | Noticed turdburglar's ghost (amateur DsNe)
  2246 | D:3      | Noticed a kobold brigand
  2431 | D:3      | Noticed a bullfrog
  2439 | D:3      | Killed a bullfrog
  2440 | D:3      | Reached XP level 6. HP: 37/47 MP: 0/0
  2994 | D:4      | Noticed Duvessa
  2994 | D:4      | Noticed Dowan
  3011 | D:4      | Slain by Duvessa

Illustrated notes

Levels and vault maps discovered:
D:1:      dpeg_arrival_concentric_ovals, layout_basic,
          shapermc_ecumenical_altar_petra, roderic_serpentine_path,
          grunt_decor_junction
D:2:      layout_loops_cross, uniq_natasha
D:3:      layout_loops_ring, gammafunk_ghost_nasty_kobolds
D:4:      layout_cave_pools, led_sif_book, nicolae_qazlal_eye_of_the_storm,
          abandoned_shop, kennysheep_generic_room_8, uniq_sigmund, uniq_duvessa

Skill      XL: |  1  2  3  4  5  6 |
---------------+-------------------+-----
Fighting       | 1 2 3 4 |  4.1
Spellcasting   | 4 |  4.6
Dodging        | |  2.1
Stealth        | |  1.5

Action                     |  1- 3 |  4- 6 || total
---------------------------+-------+-------++-------
  Melee: Unarmed           |    15 |       ||    15
         Dagger            |    25 |       ||    25
         Short sword       |    30 |    17 ||    47
         Punch             |     2 |       ||     2
   Cast: Magic Dart        |    69 |    58 ||   127
         Searing Ray       |     4 |     3 ||     7
         Shock             |     6 |       ||     6
         Dazzling Flash    |       |     1 ||     1
    Use: Scroll            |       |     4 ||     4
 Armour: Robe              |    10 |       ||    10
         Leather armour    |     4 |     4 ||     8
  Dodge: Dodged            |    53 |    13 ||    66
